 Dungeon Crawl Stone Soup version 0.24-a0-284-g9fb9971 (webtiles) character file.

Game seed: 9185392670355812188

48 mhoghedin the Insei (level 3, -4/27 HPs)
             Began as a Demigod Transmuter on May 4, 2019.
             Slain by Natasha (8 damage)
             ... on level 2 of the Dungeon.
             The game lasted 00:03:40 (1379 turns).

mhoghedin the Insei (Demigod Transmuter)            Turns: 1379, Time: 00:03:42

Health: -4/27      AC:  5    Str: 15    XL:     3   Next: 30%
Magic:  3/8        EV: 12    Int: 17    God:
Gold:   17         SH:  0    Dex: 16    Spells: 2/5 levels left

rFire    . . .     SeeInvis .     - Unarmed
rCold    . . .     Gourm    .   (no shield)
rNeg     . . .     Faith    .   b - +0 robe
rPois    .         Spirit   .   (no helmet)
rElec    .         Reflect  .   (no cloak)
rCorr    .         Harm     .   e - +2 pair of gloves
MR       .....                  (no boots)
Stlth    +.........             (no amulet)
HPRegen  0.09/turn              (no ring)
MPRegen  0.11/turn              (no ring)

@: appendage, very slightly contaminated
A: horns 2, high mp 1
a: End Transformation


You were on level 2 of the Dungeon.
You were not hungry.
You had grown temporary horns.
You visited 1 branch of the dungeon, and saw 2 of its levels.

You collected 17 gold pieces.

Inventory:

Missiles
 a - 8 arrows
Armour
 b - a +0 robe (worn)
 c - a scarf of spirit shield
   (You found it on level 2 of the Dungeon)
 e - a +2 pair of gloves (worn)
   (You found it on level 1 of the Dungeon)
Scrolls
 f - 2 scrolls of identify {unknown}
 g - a scroll of blinking {unknown}
 h - a scroll of random uselessness {unknown}
Potions
 i - a potion of agility {unknown}
Comestibles
 d - a ration
 j - 4 chunks of flesh {@w0}


   Skills:
 - Level 0.9 Fighting
 - Level 1.8 Dodging
 + Level 3.4 Unarmed Combat
 - Level 1.7 Spellcasting
 + Level 2.7 Transmutations


You had 2 spell levels left.
You knew the following spells:

 Your Spells              Type           Power        Failure   Level  Hunger
a - Beastly Appendage     Tmut           ##....       6%          1    #......
s - Sticks to Snakes      Tmut           ##......     10%         2    ###....

Your spell library contained the following spells:

 Spells                   Type           Power        Failure   Level  Hunger
 Spider Form              Tmut/Pois      #.........   32%         3    ###....
 Ice Form                 Ice/Tmut       #.......     73%         4    #####..
 Blade Hands              Tmut           ##........   87%         5    ######.


Dungeon Overview and Level Annotations

Branches:
Dungeon (2/15)

Annotations:
D:2 Natasha


Innate Abilities, Weirdness & Mutations

You have an increased reservoir of magic. (+10% MP)
You have a pair of horns on your head.


Message History

* * * LOW HITPOINT WARNING * * *
You take 1 damage, and have 1/22 hp.
You now have 4/7 mp.
You swap places.
Your transformation is almost over.
Natasha casts a spell at you.
Your ball python resists with significant effort.
Your ball python barely misses Natasha.
Your ball python misses Natasha.
Your ball python bites Natasha but does no damage.
Your ball python grabs Natasha.
Your ball python constricts Natasha.
Natasha closely misses your ball python.
Your ball python bites Natasha.
Your ball python constricts Natasha.
Natasha claws your ball python.
Your ball python dies!
Natasha hisses angrily.
Casting: Sticks to Snakes (safe; 11% risk of failure)
You don't know that spell.
Unknown command.
Casting: Sticks to Snakes (safe; 11% risk of failure)
You don't know that spell.
Casting: Sticks to Snakes (safe; 11% risk of failure)
You don't know that spell.
Unknown command.
Unknown command.
Unknown command.
Unknown command.
Casting: Sticks to Snakes (safe; 11% risk of failure)
You don't know that spell.
Casting: Sticks to Snakes (safe; 11% risk of failure)
You create a snake!
You now have 9 arrows.
Natasha misses your adder.
You now have 3/7 mp.
Natasha growls.
Natasha closely misses your adder.
Your adder barely misses Natasha.
Your adder misses Natasha. Natasha claws your adder!
Your adder bites Natasha.
Natasha dies!
Moaning pathetically, Natasha's spirit plunges into the ground.
You have reached level 3!
Your experience leads to a dramatic increase in your attributes!
Increase (S)trength, (I)ntelligence, or (D)exterity?
You feel stronger. x2
Your adder looks stronger.
Your horns disappear.
Your adder bites the jackal.
The jackal barely misses your adder.
Your adder bites the jackal.
The jackal dies!
You swap places.
Items here: †††† a jackal corpse; the felid corpse of Natasha; a jackal corpse x2
You butcher the jackal corpse.
j - 5 chunks of flesh {@w0} (gained 3)
Items here: ÷ ††† a jackal skeleton; the felid corpse of Natasha; a jackal corpse x2
You butcher the felid corpse of Natasha.
j - 6 chunks of flesh {@w0} (gained 1)
Items here: ÷÷ †† a jackal skeleton; the felid skeleton of Natasha; a jackal corpse x2
You start resting.
Your adder withers and dies!
Eating one of 6 chunks of flesh {@w0}.
You eat one of the 6 chunks of flesh {@w0}.
Some of the chunks of flesh in your inventory have rotted away.
A rat comes into view.
You regained 16 hp, and now have 19/27 hp.
MP restored: 8 Natasha, Servant of Life and Death comes into view.
The rat bites you but does no damage.
Natasha hisses angrily.
Natasha casts a spell at you. You resist with some effort.
Natasha hisses.
Items here: ÷÷÷÷ a jackal skeleton; the felid skeleton of Natasha; a jackal skeleton x2
Casting: Sticks to Snakes (safe; 10% risk of failure)
You miscast Sticks to Snakes.
You are very lightly contaminated with residual magic.
Strange energies run through your body. The rat bites you.
You take 1 damage, and have 19/27 hp.
You now have 6/8 mp.
You hit the rat.
You kill the rat!
Natasha stares at you and mumbles some strange words.
You resist with some effort.
You see here a rat corpse.
Casting: Sticks to Snakes (safe; 10% risk of failure)
You grow a pair of large bovine horns.
Natasha barely misses you.
You now have 5/8 mp.
You closely miss Natasha. Your headbutt misses Natasha.
Natasha claws you but does no damage.
You barely miss Natasha. Natasha claws you.
You take 3 damage, and have 16/27 hp.
You hit Natasha. Natasha claws you.
You take 5 damage, and have 11/27 hp.
You hit Natasha.
Natasha stares at you and mumbles some strange words.
The magic dart hits you!
* * * LOW HITPOINT WARNING * * *
You take 7 damage, and have 4/27 hp.
MASSIVE DAMAGE!!
Unknown command.
You create a snake!
You now have 8 arrows.
Natasha claws you!
You die...

##......##.#..........######...#
.........#.#.......h......... .
##.......#.#.........########
#######.#.#.........#
#.#.#.........# #)#.#####.#####
#.#.# #.# #.# #h# #.# #@# #.#
#S# #.# #.# #.# #.# #.# #.# #.#
#.# #.#.......# #<#.#####.# ###
###


You could see Natasha and a friendly ball python.

Vanquished Creatures
  An adder (D:2)
  2 bats (D:1)
  A goblin (D:1)
  7 hobgoblins
  2 jackals (D:2)
  A kobold (D:1)
  2 frilled lizards (D:1)
  2 rats
18 creatures vanquished.

Vanquished Creatures (collateral kills)
  Natasha (D:2)
  A jackal (D:2)
2 creatures vanquished.

Grand Total: 20 creatures vanquished

Notes
Turn   | Place    | Note
-------+----------+-------------------------------------------
     0 | D:1      | mhoghedin the Demigod Transmuter began the quest for the
                  | Orb.
     0 | D:1      | Reached XP level 1. HP: 15/15 MP: 5/5
   655 | D:1      | Reached skill level 2 in Transmutations
   843 | D:1      | Reached skill level 3 in Unarmed Combat
   863 | D:1      | HP: 2/15 [hobgoblin/+0 club (4)]
   865 | D:1      | Reached XP level 2. HP: 3/22 MP: 5/7
  1022 | D:1      | Learned a level 2 spell: Sticks to Snakes
  1088 | D:2      | Noticed Natasha
  1158 | D:2      | HP: 3/22 [Natasha (3)]
  1160 | D:2      | HP: 1/22 [Natasha (1)]
  1168 | D:2      | Killed Natasha
  1168 | D:2      | Reached XP level 3. HP: 2/27 MP: 3/8
  1362 | D:2      | Noticed Natasha
  1378 | D:2      | HP: 4/27 [Natasha/magic dart (7)]
  1379 | D:2      | Slain by Natasha

Levels and vault maps discovered:
D:1:      dpeg_arrival_erosion, layout_basic
D:2:      layout_basic, marbit_many_paths, cheibriados_altar_1, uniq_terence,
          uniq_natasha

Skill      XL: |  1 |
---------------+----+-----
Transmutations | 2 |  2.7
Unarmed Combat | 3 |  3.4
Fighting       | |  0.9
Dodging        | |  1.8
Spellcasting   | |  1.7

Action                   || total
-------------------------++-------
Melee: Whip              ||    32
       Unarmed           ||    38
       Headbutt          ||     9
       Kick              ||     2
       Punch             ||     2
 Cast: Beastly Appendage ||    13
       Sticks to Snakes  ||     4
  Use: Potion            ||     1
 Stab: Sleeping          ||     1
  Eat: Chunk             ||     2
Armor: Robe              ||    21
Dodge: Dodged            ||    53

Table legend:
 A = Non-vault XP
 B = Vault XP
 C = Vault XP percentage of total XP
 D = Non-vault monster count
 E = Vault monster count
 F = Vault count percentage of total count
                 A         B        C        D         E       F
            +---------+---------+-------+---------+---------+-------
      Total |      41 |      28 |  40.6 |      19 |       1 |   5.0
            +---------+---------+-------+---------+---------+-------
        D:1 |      20 |       0 |   0.0 |      12 |       0 |   0.0
        D:2 |      21 |      28 |  57.1 |       7 |       1 |  12.5
            +---------+---------+-------+---------+---------+-------

Levels and vault maps discovered:
D:1:      dpeg_arrival_erosion, layout_basic
D:2:      layout_basic, marbit_many_paths, cheibriados_altar_1, uniq_terence,
          uniq_natasha

Table legend:
 A = Turns spent in this place as a percentage of turns spent in the entire game.
 B = Non-inter-level travel turns spent in this place as a percentage of non-inter-level travel turns spent in the entire game.
 C = Inter-level travel turns spent in this place as a percentage of turns spent in this place.
 D = Turns resting spent in this place as a percentage of non-inter-level travel turns spent in this place.
 E = Turns spent auto-exploring this place as a percentage of non-inter-level travel turns spent in this place.
 F = Non-inter-level travel turns spent in this place divided by the number of levels of this place that you've seen.
                   A       B       C       D       E      F
               +-------+-------+-------+-------+-------+----------------------
         Total | 100.0 | 100.0 |   0.4 |  22.4 |  59.6 | 686.5
       Dungeon | 100.0 | 100.0 |   0.4 |  22.4 |  59.6 | 686.5
               +-------+-------+-------+-------+-------+----------------------

Table legend:
 A = Kills in this place as a percentage of kills in entire the game.
 B = Kills by you in this place as a percentage of kills by you in the entire game.
 C = Kills by friends in this place as a percentage of kills by friends in the entire game.
 D = Other kills in this place as a percentage of other kills in the entire game.
 E = Experience gained in this place as a percentage of experience gained in the entire game.
 F = Experience gained in this place divided by the number of levels of this place that you have seen.
                   A       B       C       D       E      F
               +-------+-------+-------+-------+-------+----------------------
         Total | 100.0 | 100.0 | 100.0 |   N/A | 100.0 |  34.5
       Dungeon | 100.0 | 100.0 | 100.0 |   N/A | 100.0 |  34.5
               +-------+-------+-------+-------+-------+----------------------
